 Dungeon Crawl Stone Soup version 0.21.1-1-g345015f (webtiles) character file.

350 shakethe the Sneak (level 6, -1/38 HPs)
             Began as an Octopode Transmuter on Feb 7, 2018.
             Slain by a centaur (9 damage)
             ... on level 5 of the Dungeon.
             The game lasted 00:13:00 (4380 turns).

shakethe the Sneak (Octopode Transmuter)            Turns: 4380, Time: 00:13:01

Health: -1/38      AC:  1    Str: 10    XL:     6   Next: 60%
Magic:  9/9        EV: 13    Int: 15    God:
Gold:   190        SH:  2    Dex: 14    Spells: 6/10 levels left

rFire    + . .     SeeInvis .     - Unarmed
rCold    . . .     Gourm    .   (no shield)
rNeg     . . .     Faith    .   (helmet restricted)
rPois    .         Spirit   .   g - +2 amulet of reflection
rElec    .         Reflect  +   r - ring of protection from fire
rCorr    .         Harm     .   (no ring)
MR       .....                  (no ring)
Stlth    +++++.....             (no ring)
HPRegen  0.12/turn              (no ring)
MPRegen  0.11/turn              (no ring)
                                (no ring)
                                (no ring)

@: no status effects
A: almost no armour, stealthy swim, amphibious, 8 rings, constrict 8, camouflage
1, gelatinous body 1
a: no special abilities


You were on level 5 of the Dungeon.
You were not hungry.

You visited 1 branch of the dungeon, and saw 5 of its levels.

You collected 190 gold pieces.

Inventory:

Missiles
 a - 37 arrows
Jewellery
 g - a +2 amulet of reflection (around mantle)
 r - a ring of protection from fire (left tentacle)
 v - an uncursed ring of positive energy {unknown}
Scrolls
 e - a scroll of teleportation {unknown}
 f - 2 scrolls of identify
 h - a scroll of blinking
 m - 2 scrolls of enchant armour
 n - a scroll of remove curse
 o - a scroll of random uselessness {unknown}
 p - a scroll of fear {unknown}
 q - a scroll of immolation {unknown}
 t - 3 scrolls of enchant weapon {unknown}
 u - 2 scrolls of amnesia {unknown}
Potions
 d - 2 potions of brilliance {unknown}
 i - a potion of lignification {unknown}
 j - a potion of might {unknown}
 k - 2 potions of heal wounds {unknown}
 l - a potion of mutation {unknown}
 s - 2 potions of haste
Books
 b - a book of Changes

   Spells                             Type                      Level
   a - Beastly Appendage              Transmutation                1
   b - Sticks to Snakes               Transmutation                2
   c - Spider Form                    Transmutation/Poison         3
   d - Ice Form                       Ice/Transmutation            4
   e - Blade Hands                    Transmutation                5
Comestibles
 c - 6 rations


   Skills:
 - Level 1.0 Fighting
 - Level 2.0 Dodging
 + Level 7.4 Stealth
 + Level 3.5 Unarmed Combat
 + Level 2.5 Spellcasting
 + Level 2.6 Transmutations
 + Level 1.9 Poison Magic


You had 6 spell levels left.
You knew the following spells:

 Your Spells              Type           Power        Failure   Level  Hunger
a - Beastly Appendage     Tmut           #.....       7%          1    #......
b - Spider Form           Tmut/Pois      #.........   24%         3    ###....


Dungeon Overview and Level Annotations

Branches:
Dungeon (5/15)
 Temple: D:4-7

Altars:
Fedhas
Uskayaw

Shops:
D:4 [

Annotations:
D:4 Sigmund


Innate Abilities, Weirdness & Mutations

You cannot wear most types of armour.
You are very stealthy in the water. (Stealth+)
You are amphibious.
You can wear up to eight rings at the same time.
You can use your tentacles to constrict eight enemies at once.
Your skin changes colour to match your surroundings (Stealth+).
Your rubbery body absorbs attacks. (AC +1, EV +1)


Message History

The stone hits you but does no damage.
You barely miss the centaur.
The centaur is moderately wounded.
The centaur barely misses you.
You closely miss the centaur. You squeeze the centaur.
The centaur is heavily wounded.
The centaur closely misses you. The orc hits you with a club.
The centaur hits you.
You tentacle-slap the centaur.
The centaur is heavily wounded.
The centaur barely misses you. The orc closely misses you.
You tentacle-slap the centaur but do no damage.
The centaur is heavily wounded.
The centaur hits you. The orc hits you with a club.
* * * LOW HITPOINT WARNING * * *
The centaur closely misses you.
You completely miss the centaur. Your squeeze misses the centaur.
The centaur is heavily wounded.
The centaur hits you!
You die...

..# ..########### ......###
..#..##..#..########........
..#.............#..#........
..#.............#..#........
..#......##(...##..#........
..#......##....##..#.....o..
..#.)....#......#o..........
..#..##..'(.....@c..........
..#..##).##....####.######..
..#..#...####### ...#
..#..#...# #....# ..#..#...#
#....# ..#..##..# #....#
..#..##..# .##'## ..#......#
.. .. ..#..#.#.#


You could see a centaur and an orc.

Vanquished Creatures
  A crimson imp (D:5)
  An orc priest (D:5)
  An orc wizard (D:5)
  A hound (D:3)
  A centaur skeleton (D:5)
  A worker ant (D:4)
  7 adders
  An ooze (D:1)
  3 worms
  2 dart slugs
  6 leopard geckos
  9 orcs
  2 giant cockroaches (D:1)
  7 hobgoblins
  5 jackals
  3 quokkas
  2 ball pythons
  12 bats
  6 frilled lizards
  9 goblins
  6 kobolds
  5 rats
91 creatures vanquished.

Notes
Turn   | Place    | Note
-------+----------+-------------------------------------------
     0 | D:1      | shakethe the Octopode Transmuter began the quest for the Orb.
     0 | D:1      | Reached XP level 1. HP: 13/13 MP: 3/3
    34 | D:1      | Reached skill level 2 in Stealth
    60 | D:1      | Reached XP level 2. HP: 17/18 MP: 5/5
   138 | D:1      | Reached skill level 3 in Stealth
   371 | D:1      | Reached XP level 3. HP: 23/23 MP: 6/6
   559 | D:1      | Reached skill level 4 in Stealth
   929 | D:2      | Found a hide-covered altar of Uskayaw.
   963 | D:2      | Reached skill level 5 in Stealth
   963 | D:2      | Reached XP level 4. HP: 27/28 MP: 5/7
  1416 | D:2      | Found a blossoming altar of Fedhas.
  1651 | D:3      | Reached skill level 6 in Stealth
  1652 | D:3      | Reached XP level 5. HP: 13/33 MP: 8/8
  2372 | D:3      | Learned a level 3 spell: Spider Form
  2619 | D:4      | Noticed a necrophage
  2913 | D:4      | Reached skill level 7 in Stealth
  3176 | D:4      | Noticed Sigmund
  3770 | D:4      | Found Qiovvat's Armour Emporium.
  3962 | D:5      | Entered Level 5 of the Dungeon
  4025 | D:5      | Reached skill level 1 in Poison Magic
  4162 | D:5      | Reached XP level 6. HP: 35/38 MP: 7/9
  4380 | D:5      | Slain by a centaur

Skill      XL: |  1  2  3  4  5 |
---------------+----------------+-----
Stealth        | 2 3 5 6 7 |  7.4
Poison Magic   | 1 |  1.9
Fighting       | |  1.0
Dodging        | |  2.0
Unarmed Combat | |  3.5
Spellcasting   | |  2.5
Transmutations | |  2.6

Action                   |  1- 3 |  4- 6 || total
-------------------------+-------+-------++-------
Melee: Unarmed           |    62 |   138 ||   200
       Tentacles         |    11 |    24 ||    35
       Punch             |     1 |     3 ||     4
       Constrict         |    18 |    39 ||    57
       Kick              |     8 |    32 ||    40
 Cast: Beastly Appendage |    10 |    20 ||    30
  Use: Scroll            |       |     4 ||     4
 Stab: Sleeping          |     3 |    14 ||    17
  Eat: Chunk             |       |     8 ||     8
       Ration            |       |     1 ||     1
Armor: Skin              |     4 |    10 ||    14
Dodge: Dodged            |    56 |   110 ||   166
Block: Other             |     1 |    10 ||    11
